 Dungeon Sprint DCSS version 0.24.1-4-ge52af88ad5 (webtiles) character file.

Game seed: 652002748960815748, levelgen mode: deterministic

58 Doot the Vexing (level 3, -3/19 HPs)
             Began as a Deep Elf Enchanter on Apr 21, 2020.
             Splashed by an oklob sapling priest's acid (9 damage)
             ... in the Dungeon (Sprint IV: "Fedhas' Mad Dash").
             The game lasted 00:00:36 (210 turns).

Doot the Vexing (Deep Elf Enchanter)                 Turns: 210, Time: 00:00:36

Health: -3/19      AC: -1    Str:  5    XL:     3   Next: 76%
Magic:  10/11      EV: 14    Int: 20    God:
Gold:   0          SH:  0    Dex: 15    Spells: 8/11 levels left

rFire    . . .     SeeInvis .   a - +1 dagger
rCold    . . .     Gourm    .   (no shield)
rNeg     . . .     Faith    .   b - +0 robe
rPois    .         Spirit   .   (no helmet)
rElec    .         Reflect  .   (no cloak)
rCorr    .         Harm     .   c - +0 pair of gloves
MR       .....     NoTele   +   (no boots)
Stlth    +++.......             i - amulet of invisibility {+Inv}
HPRegen  0.06/turn              (no ring)
MPRegen  0.12/turn              (no ring)

@: corroded, very slightly contaminated
A: no striking features
a: Evoke Invisibility


You were in the Dungeon.
You were not hungry.

You visited 1 branch

Inventory:

Hand Weapons
 a - a +1 dagger (weapon)
Armour
 b - a +0 robe (worn)
 c - a +0 pair of gloves (worn)
Jewellery
 i - the amulet of invisibility (around neck) {+Inv}
   (You found it in the Dungeon)

   [amulet of nothing]

   It lets you turn invisible.
Scrolls
 j - a scroll of blinking
 k - a scroll of identify {unknown}
Potions
 e - a potion of curing
 f - a potion of heal wounds
 g - a potion of haste
 h - 2 potions of magic
Comestibles
 d - a ration


   Skills:
 + Level 1.0 Short Blades
 + Level 3.7 Dodging
 + Level 6.6 Stealth
 + Level 4.8 Spellcasting
 + Level 7.4 Hexes


You had 8 spell levels left.
You knew the following spells:

 Your Spells              Type           Power        Failure   Level  Hunger
a - Corona                Hex            ####...      1%          1    None
b - Ensorcelled Hibernat  Hex/Ice        ###...       3%          2    #......

Your spell library contained the following spells:

 Spells                   Type           Power        Failure   Level  Hunger
 Confuse                  Hex            ####....     1%          3    ##.....
 Tukima's Dance           Hex            ####....     1%          3    ##.....
 Dazzling Spray           Conj/Hex       ###...       8%          3    ##.....


Dungeon Overview and Level Annotations

Branches:
Dungeon (1/1)

Altars:
Cheibriados
Dithmenos
Elyvilon
Gozag
Hepliaklqana
Kikubaaqudgha
Makhleb
Nemelex Xobeh
Okawaru
Qazlal
Ru
Sif Muna
Trog
Uskayaw
Vehumet
Wu Jian
Xom
Yredelemnul
Zin
The Shining One
Beogh
Jiyva
Lugonu

Annotations:
D exclusion: oklob sapling


Message History

Found a radiant altar of Vehumet and a corrupted altar of Lugonu.
Unknown command.
There is a shimmering blue altar of Sif Muna here.
You flicker for a moment.
There is a bloodstained altar of Trog here.
You hit the oklob sapling priest but do no damage.
You hit the oklob sapling priest but do no damage.
You hit the oklob sapling priest.
The oklob sapling priest is lightly damaged.
You hit the oklob sapling priest but do no damage.
The oklob sapling priest is lightly damaged.
You strike the helpless oklob sapling priest from behind!
You puncture the oklob sapling priest!
The oklob sapling priest is almost destroyed.
You flicker back into view.
The oklob sapling priest spits acid at you.
The splash of acid hits you!
Ouch! That really hurt!
The acid corrodes you!
You are splashed with acid!
You die...

#######################
..#.$$$$#.⌠._._._._.⌠.#
..'.#)..'.._._._._._..+
..#.#...#..._._P_._...#
######+##.._._._@_._..#
#._._._._._.⌠.#
###############


You could see an oklob sapling priest.

Vanquished Creatures
  An oklob sapling (D)
  A worker ant (D)
  A river rat (D)
  A rat (D)
4 creatures vanquished.

Notes
Turn   | Place    | Note
-------+----------+-------------------------------------------
     0 | D        | Doot the Deep Elf Enchanter began the quest for the Orb.
     0 | D        | Reached XP level 1. HP: 10/10 MP: 6/6
    19 | D        | Reached skill level 5 in Hexes
    19 | D        | Reached XP level 2. HP: 10/15 MP: 6/8
   167 | D        | Learned a level 2 spell: Ensorcelled Hibernation
   168 | D        | Noticed an oklob sapling
   169 | D        | Killed an oklob sapling
   169 | D        | Reached skill level 5 in Stealth
   169 | D        | Reached skill level 6 in Hexes
   169 | D        | Reached XP level 3. HP: 19/19 MP: 8/10
   172 | D        | Found the amulet of invisibility {+Inv}
   173 | D        | Reached skill level 7 in Hexes
   196 | D        | Found an opulent altar of Gozag.
   196 | D        | Found a hazy altar of Hepliaklqana.
   196 | D        | Found a burning altar of Makhleb.
   196 | D        | Found a roughly hewn altar of Beogh.
   196 | D        | Found a sparkling altar of Nemelex Xobeh.
   196 | D        | Found a snail-covered altar of Cheibriados.
   196 | D        | Found a sacrificial altar of Ru.
   196 | D        | Found a shimmering blue altar of Sif Muna.
   196 | D        | Found a shimmering altar of Xom.
   196 | D        | Found a basalt altar of Yredelemnul.
   197 | D        | Found a viscous altar of Jiyva.
   197 | D        | Found a bloodstained altar of Trog.
   197 | D        | Found an ornate altar of the Wu Jian Council.
   197 | D        | Noticed an oklob sapling priest
   198 | D        | Found an iron altar of Okawaru.
   198 | D        | Found a glowing silver altar of Zin.
   198 | D        | Found a shadowy altar of Dithmenos.
   199 | D        | Found a hide-covered altar of Uskayaw.
   199 | D        | Found an ancient bone altar of Kikubaaqudgha.
   200 | D        | Found a glowing golden altar of the Shining One.
   200 | D        | Found a stormy altar of Qazlal.
   200 | D        | Found a white marble altar of Elyvilon.
   201 | D        | Found a radiant altar of Vehumet.
   201 | D        | Found a corrupted altar of Lugonu.
   210 | D        | Splashed by an oklob sapling priest's acid

Levels and vault maps discovered:
D:        dungeon_sprint_fedhas [sprint_temple]

Skill      XL: |  1  2  3 |
---------------+----------+-----
Stealth        | 4 5 6 |  6.6
Hexes          | 5 6 7 |  7.4
Dodging        | 3 |  3.7
Spellcasting   | 4 |  4.8
Short Blades   | |  1.0

Action                   || total
-------------------------++-------
Melee: Dagger            ||    15
 Abil: Evoke Invisibilit ||     1
  Use: Potion            ||     1
 Stab: Sleeping          ||     2
       Invisible         ||     1
Dodge: Dodged            ||     3
